cohdb
Replays
Latest Replays
All Replays
Popular Replays
Top Player Replays
Match Explorer
How It Works
Community
CoH3 Stats
Reddit
Sign in to upload your games and track your stats! →
Sign in with Steam
Match 37052738
Unlisted
Match 37052738
Overview
Messages
Build Orders
End
Construct Barracks
Selects Armored Battlegroup
Selects Veteran Crews
Engineer Squad
1⁄4-ton 4x4 Truck
Riflemen Squad
Riflemen Squad
Grenade Package
Riflemen Squad
Infantry Support Center
M1 Mortar Team
Construct Medical Station
Selects Fast Deploy
Selects M8 Scott SPG
M8 Scott SPG
M8 Scott SPG
Construct Motor Pool
Construct Motor Pool
M1918 Browning Automatic Rifles
Chernoburka
Siren
deadsadbadmad
Alessandro-9891
0
0
Comments
sign in to comment!
No comments posted yet!